AoeStats
← Tyto Alba

Arabia

505609552Analyzed
1v1 RM · 22d ago on Sep 10, 2026· 59m 26s· 2 players
Game mode
Random Map
Map size
Tiny (2 player)
Population
200
Speed
Normal
Resources
Standard
Victory
Conquest
Starting age
Dark Age
Ending age
Imperial Age
RankedLock teamsTeams togetherTeam positionsShared explorationLock speedFull tech treeHidden civsTurbo modeCheats
Victory
Defeat
🇩🇪 Hindustanis · Germany
1047
+16
🇵🇹 Poles · Portugal
1037
-16
Nesper
9:58 Loom
12:19 Feudal Age
23:02 Castle Age
22:20 Double-Bit Axe
22:29 Stone Mining
24:05 Bow Saw
25:24 Stone Shaft Mining
24:34 Horse Collar
26:52 Heavy Plow
27:05 Fletching
28:29 Fortified Wall
30:02 Wheelbarrow
30:41 Bodkin Arrow
31:41 Gold Mining
34:41 Ballistics
35:21 Scale Mail Armor
35:48 Hand Cart
40:20 Imperial Age
38:11 Town Watch
38:43 Masonry
39:03 Treadmill Crane
40:17 Town Patrol
40:29 Forging
40:25 Scale Barding Armor
42:10 Chemistry
46:28 Lechitic Legacy
47:17 Bloodlines
46:28 Light Cavalry
47:08 Husbandry
47:46 Iron Casting
47:32 Chain Barding Armor
50:35 Winged Hussar
52:12 Chain Mail Armor
52:57 Blast Furnace
52:20 Conscription
57:25 Bracer
Tyto Alba
6:08 Loom
10:04 Feudal Age
10:40 Double-Bit Axe
12:27 Horse Collar
19:43 Wheelbarrow
19:11 Gold Mining
22:38 Castle Age
21:44 Fletching
22:40 Bloodlines
24:01 Heavy Plow
24:41 Gold Shaft Mining
24:19 Bow Saw
24:41 Bodkin Arrow
28:24 Husbandry
28:25 Padded Archer Armor
28:32 Scale Barding Armor
28:29 Stone Mining
30:20 Leather Archer Armor
30:29 Chain Barding Armor
32:27 Stone Shaft Mining
36:08 Imperial Age
35:08 Thumb Ring
36:25 Stone Shaft Mining
35:17 Light Cavalry
37:36 Conscription
38:05 Heavy Cavalry Archer
38:52 Bracer
40:39 Hand Cart
40:10 Town Watch
43:42 Chemistry
44:02 Siege Engineers
44:18 Ballistics
44:09 Masonry
47:51 Hoardings
48:13 Fortified Wall
48:27 Siege Elephant
53:26 Hussar
55:23 Heavy Camel Rider
57:53 Forging
58:01 Town Patrol
Connection lost

Rejoining the realm…

Still unreachable

The connection could not be restored.

Session expired

The server has moved on; the page needs a fresh start.